 Dungeon Crawl Stone Soup version 0.23.2-33-g5129a83184 (webtiles) character file.

Game seed: 7889948786393801812

164 Folque the Caller (level 5, -4/38 HPs)
             Began as a Human Summoner on June 27, 2019.
             Slain by Grinder (5 damage)
             ... on level 3 of the Dungeon.
             The game lasted 00:13:17 (3413 turns).

Folque the Caller (Human Summoner)                  Turns: 3413, Time: 00:13:17

Health: -4/38      AC:  3    Str:  8    XL:     5   Next: 73%
Magic:  1/9        EV: 18    Int: 16    God:
Gold:   154        SH:  0    Dex: 19    Spells: 2/9 levels left

rFire    . . .     SeeInvis .   p - +0 rapier
rCold    . . .     Gourm    .   (no shield)
rNeg     . . .     Faith    .   a - +0 robe
rPois    .         Spirit   .   w - +0 helmet (curse)
rElec    .         Reflect  .   (no cloak)
rCorr    .         Harm     .   (no gloves)
MR       .....                  (no boots)
Stlth    +++.......             (no amulet)
HPRegen  0.12/turn              (no ring)
MPRegen  0.11/turn              (no ring)

@: agile, flying, hasted, very quick
A: no striking features
a: no special abilities


You were on level 3 of the Dungeon.
You were very hungry.

You visited 1 branch of the dungeon, and saw 3 of its levels.

You collected 154 gold pieces.

Inventory:

Hand Weapons
 f - a +0 dagger
 p - a +0 rapier (weapon)
 q - a +0 dagger of pain
Missiles
 d - 14 poisoned needles
Armour
 a - a +0 robe (worn)
 w - a cursed +0 helmet (worn)
Jewellery
 r - an uncursed ring of magical power {unknown}
 y - an uncursed ring of poison resistance {unknown}
Scrolls
 e - 7 scrolls of identify {unknown}
 g - a scroll of enchant armour {unknown}
 h - a scroll of teleportation {unknown}
 k - a scroll of enchant weapon {unknown}
 l - 3 scrolls of magic mapping {unknown}
 m - a scroll of fog {unknown}
 s - a scroll of amnesia {unknown}
 t - 2 scrolls of remove curse {unknown}
Potions
 j - a potion of agility
 n - a potion of berserk rage {unknown}
 u - a potion of lignification {unknown}
 x - a potion of cancellation {unknown}
Comestibles
 c - 4 rations


   Skills:
 - Level 2.0 Fighting
 - Level 2.0 Dodging
 - Level 2.0 Stealth
 + Level 2.9 Spellcasting
 * Level 5.2 Summonings
 * Level 1.6 Ice Magic


You had 2 spell levels left.
You knew the following spells:

 Your Spells              Type           Power        Failure   Level  Hunger
a - Summon Small Mammal   Summ           ###.         2%          1    #......
b - Call Imp              Summ           ###.....     3%          2    ##.....
c - Summon Ice Beast      Ice/Summ       ##......     41%         4    #####..

Your spell library contained the following spells:

 Spells                   Type           Power        Failure   Level  Hunger
 Call Canine Familiar     Summ           ###.....     7%          3    ###....
 Summon Guardian Golem    Hex/Summ       ##......     19%         3    ###....
 Summon Lightning Spire   Summ/Air       ##......     54%         4    #####..


Dungeon Overview and Level Annotations

Branches:
Dungeon (3/15)

Altars:
Cheibriados
Ru
Wu Jian

Annotations:
D:3 2 transporters, 1 runed translucent door, Crazy Yiuf; Grinder; Pizzadoos's ghost, amateur HuCj


Message History

* * * LOW HITPOINT WARNING * * *
Unknown command.
It was a potion of agility.
You feel agile all of a sudden. Grinder misses you.
It was a potion of flight.
You feel very buoyant.
You fly up into the air.
Grinder closely misses you.
It was a potion of haste.
You feel yourself speed up.
Grinder says, "Wait up."
Grinder gestures at you. Pain shoots through your body!
* * * LOW HITPOINT WARNING * * *
Grinder completely misses you.
Your crimson imp blinks!
Grinder says, "Just stop there for a second..."
Grinder hits you.
* * * LOW HITPOINT WARNING * * *
You writhe in agony.
You die...

## #########....##..#.##.......>
.# #.....##.....###..#.<....#.##
.# #............###..#>.....[...
.####.....##..##.......)#........
......#........#.#.#...###...)...
..######.##......##...#####......
### #.....#.#.###<.#..........
##....##..................
##.....#@#.####.####.....
##...##.5#..##.........#
#..##.......#########..
######.##ยง.#.#.#..#.## ##.
#..........#.#....#..#####5.
######)5#..#####..#...)).)..
####...###..#.#..######)####
#.....#..##.....##..###..# #
#.##.#....##...##....##..###


You could see Grinder and a friendly crimson imp.

Vanquished Creatures
  2 adders (D:3)
  An ooze (D:3)
  3 dart slugs
  2 leopard geckos
  An orc (D:3)
  4 bats
  A giant cockroach (D:1)
  11 goblins
  4 hobgoblins
  A jackal (D:1)
  3 kobolds
  4 frilled lizards
  3 rats
40 creatures vanquished.

Vanquished Creatures (collateral kills)
  Natasha (thrice) (D:3)
  Robin (D:3)
  An adder (D:2)
  An ooze (D:3)
  A worm (D:3)
  2 leopard geckos (D:1)
  A bat (D:1)
  7 goblins
  4 hobgoblins
  9 jackals
  2 kobolds (D:2)
  A quokka (D:3)
  3 rats
36 creatures vanquished.

Grand Total: 76 creatures vanquished

Notes
Turn   | Place    | Note
-------+----------+-------------------------------------------
     0 | D:1      | Folque the Human Summoner began the quest for the Orb.
     0 | D:1      | Reached XP level 1. HP: 13/13 MP: 3/3
   708 | D:1      | Reached XP level 2. HP: 18/20 MP: 5/5
   918 | D:1      | Learned a level 2 spell: Call Imp
  1084 | D:1      | Reached skill level 1 in Fighting
  1084 | D:1      | Reached XP level 3. HP: 22/26 MP: 1/6
  1591 | D:2      | Found a sacrificial altar of Ru.
  1593 | D:2      | Found an ornate altar of the Wu Jian Council.
  1665 | D:2      | Found a snail-covered altar of Cheibriados.
  2171 | D:3      | Reached XP level 4. HP: 21/32 MP: 4/7
  2249 | D:3      | Found a transporter.
  2251 | D:3      | Noticed Pizzadoos's ghost (amateur HuCj)
  2363 | D:3      | Found a transporter.
  2370 | D:3      | Noticed Robin
  2397 | D:3      | HP: 1/32 [goblin[Robin] (2)]
  2424 | D:3      | Learned a level 4 spell: Summon Ice Beast
  2567 | D:3      | Killed Robin
  2664 | D:3      | Noticed Grinder
  2741 | D:3      | Noticed Natasha
  2754 | D:3      | Killed Natasha
  2754 | D:3      | Reached skill level 5 in Summonings
  2754 | D:3      | Reached XP level 5. HP: 24/38 MP: 4/9
  2847 | D:3      | Noticed Natasha
  2857 | D:3      | Killed Natasha
  2857 | D:3      | Reached skill level 1 in Ice Magic
  2992 | D:3      | Noticed Natasha
  2997 | D:3      | Killed Natasha
  3155 | D:3      | Found a runed translucent door.
  3156 | D:3      | Noticed Crazy Yiuf
  3413 | D:3      | HP: 1/38 [Grinder (1)]
  3413 | D:3      | Slain by Grinder

Skill      XL: |  1  2  3  4  5 |
---------------+----------------+-----
Fighting       | 1 2 |  2.0
Summonings     | 5 |  5.2
Ice Magic      | 1 |  1.6
Dodging        | |  2.0
Stealth        | |  2.0
Spellcasting   | |  2.9

Action                   |  1- 3 |  4- 6 || total
-------------------------+-------+-------++-------
Melee: Unarmed           |    34 |       ||    34
       Dagger            |    68 |       ||    68
       Rapier            |    23 |    88 ||   111
 Cast: Summon Small Mamm |    23 |     2 ||    25
       Call Imp          |     9 |    19 ||    28
       Summon Ice Beast  |       |     2 ||     2
  Use: Potion            |       |     6 ||     6
 Stab: Sleeping          |     4 |     3 ||     7
  Eat: Chunk             |     5 |     5 ||    10
Armor: Robe              |    31 |    18 ||    49
Dodge: Dodged            |   103 |    67 ||   170
